Map: Ever Dream LE

Players

Geralt (Gerald)

  • Race: Protoss Protoss
  • League: Grandmaster
  • Spawn Location: 1:00

MarineLorD - Winner!

  • Race: Terran Terran
  • League: Master
  • Spawn Location: 7:00

Event: DreamHack SC2 Masters 2020 Fall

VOD

Have the link to the VOD?

Description

Time

  • Played on: Sept. 11, 2020, 11:29 a.m.
  • Length: 28:27

All games in this series

Show
View Real Time Build Order
Export as new Build Order

Geralt Protoss 

Build Orders: Oracle Opening, Phoenix Opening 

Get SALT Encoding   

  12  0:00  Probe  
  13  0:12  Probe  
  14  0:17  Pylon  
  14  0:24  Probe (Chrono Boost)  
  16  0:37  Probe (Chrono Boost), Gateway  
  16  0:42  Probe (Chrono Boost)  
  16  0:45  Assimilator  
  17  0:51  Probe  
  17  0:54  Assimilator  
  18  1:03  Probe  
  19  1:15  Probe  
  20  1:24  Cybernetics Core  
  20  1:25  Pylon  
  20  1:27  Probe, Zealot  
  23  1:43  Probe  
  24  1:55  Probe  
  24  1:59  Adept (Chrono Boost)  
  24  2:00  Stargate  
  25  2:07  Probe  
  28  2:13  Pylon  
  28  2:19  Probe  
  29  2:32  Probe  
  30  2:37  Nexus  
  30  2:41  Oracle (Chrono Boost)  
  33  2:45  Warp Gate  
  33  3:05  Probe  
  32  3:09  Pylon  
  31  3:14  Shield Battery  
  31  3:18  Phoenix  
  33  3:20  Probe  
  33  3:21  Stalker  
  36  3:32  Probe  
  35  3:37  Twilight Council  
  35  3:44  Probe  
  36  3:56  Probe  
  36  4:01  Probe  
  38  4:08  Probe  
  42  4:13  Probe  
  43  4:20  Probe  
  43  4:24  Pylon, Blink (Chrono Boost)  
  44  4:30  Probe  
  43  4:38  Probe  
  43  4:41  Gateway  
  43  4:42  Gateway  
  43  4:44  Gateway  
  43  4:48  Probe  
  43  4:50  Stalker  
  43  4:51  Probe  
  47  4:55  Shield Battery  
  47  5:00  Probe  
  47  5:03  Probe  
  49  5:07  Pylon  
  49  5:09  Assimilator  
  49  5:13  Probe  
  50  5:15  Probe, Stalker  
  53  5:21  Pylon  
  53  5:34  Probe  
  54  5:36  Robotics Facility  
  54  5:38  Stalker, Nexus  
  54  5:41  Stalker  
  58  5:46  Stalker  
  58  5:47  Stalker  
  62  5:52  Pylon  
  62  5:57  Shield Battery  
  62  5:58  Probe  
  62  6:02  Forge  
  63  6:18  Probe  
  63  6:19  Stalker x4  
  73  6:25  Observer (Chrono Boost)  
  73  6:26  Robotics Bay  
  73  6:28  Probe  
  73  6:30  Assimilator  
  74  6:42  Protoss Ground Weapons Level 1 (Chrono Boost)  
  74  6:43  Charge (Chrono Boost)  
  74  6:44  Probe  
  74  6:45  Probe  
  76  6:50  Pylon  
  76  6:54  Probe  
  77  6:56  Probe  
  77  6:57  Probe  
  79  7:06  Probe  
  80  7:08  Probe, Gateway  
  80  7:09  Probe, Gateway  
  80  7:10  Pylon  
  80  7:12  Shield Battery  
  82  7:18  Probe  
  82  7:20  Colossus (Chrono Boost)  
  82  7:21  Probe  
  84  7:26  Probe  
  91  7:30  Sentry  
  91  7:31  Sentry, Zealot x2  
  99  7:41  Probe, Pylon  
  99  7:44  Photon Cannon  
  100  7:46  Photon Cannon  
  100  7:57  Zealot  
  100  7:58  Zealot x3  
  108  8:01  Colossus (Chrono Boost)  
  114  8:09  Stalker x2  
  100  8:23  Stalker x4  
  106  8:30  Probe x2  
  108  8:38  Probe  
  108  8:40  Photon Cannon  
  109  8:42  Shield Battery  
  109  8:43  Assimilator, Protoss Ground Armor Level 1 (Chrono Boost)  
  109  8:44  Gateway  
  109  8:45  Gateway  
  109  8:47  Extended Thermal Lance (Chrono Boost), Zealot  
  109  8:48  Assimilator  
  111  8:56  Colossus (Chrono Boost)  
  111  8:58  Shield Battery  
  111  8:59  Shield Battery  
  117  9:08  Stalker x2  
  115  9:25  Stalker x4  
  123  9:36  Probe, Pylon  
  124  9:41  Pylon  
  124  9:46  Pylon  
  124  9:47  Pylon  
  124  9:50  Warp Prism, Pylon  
  124  9:51  Pylon  
  124  9:52  Templar Archives  
  126  10:05  Zealot x7  
  140  10:17  Zealot  
  140  10:18  Probe  
  140  10:20  Probe  
  131  10:29  Stalker x2  
  131  10:32  Psionic Storm  
  131  10:33  Probe  
  132  10:35  High Templar x2  
  132  10:36  High Templar  
  132  10:38  Probe  
  128  10:50  Protoss Ground Weapons Level 2 (Chrono Boost)  
  128  10:51  Disruptor (Chrono Boost)  
  131  10:58  Nexus  
  131  10:59  Pylon  
  131  11:04  High Templar  
  133  11:08  Zealot x3  
  139  11:18  Stalker x3  
  145  11:29  Zealot x3  
  151  11:35  Zealot  
  151  11:44  Warp Prism (Chrono Boost)  
  151  11:46  Zealot x5  
  156  11:48  Probe x2  
  156  11:54  Probe  
  161  11:59  Forge  
  161  12:00  Probe  
  162  12:06  Zealot  
  162  12:07  Zealot x4  
  172  12:11  Probe x2  
  172  12:12  Probe  
  149  12:34  Probe  
  149  12:36  Stalker x2  
  147  12:37  High Templar x2  
  147  12:38  Zealot x3, High Templar  
  147  12:39  Disruptor  
  162  12:46  Probe  
  159  12:57  Probe  
  145  13:01  Stalker  
  145  13:02  Stalker  
  145  13:05  Probe  
  148  13:06  Probe  
  148  13:07  Protoss Ground Armor Level 2 (Chrono Boost)  
  148  13:08  Zealot x3  
  155  13:14  Disruptor  
  158  13:22  High Templar, Protoss Ground Weapons Level 3 (Chrono Boost)  
  158  13:23  Probe x3, High Templar x2  
  163  13:29  Zealot  
  163  13:30  Zealot x2  
  169  13:37  Assimilator  
  169  13:38  Assimilator  
  169  13:50  Disruptor  
  169  13:52  Zealot x5  
  178  13:56  Zealot x2  
  133  14:10  Archon x2  
  133  14:12  Zealot x4  
  133  14:13  Zealot x2  
  93  14:26  Disruptor  
  86  14:33  High Templar x5  
  86  14:34  Stalker  
  86  14:35  Probe, Stalker  
  86  14:37  Probe  
  88  14:42  Probe x2  
  84  14:48  Stalker  
  84  14:49  Probe  
  87  14:53  Probe  
  88  15:01  Disruptor  
  89  15:12  Zealot x7  
  95  15:19  Probe  
  86  15:22  Stalker  
  88  15:35  Probe (Chrono Boost)  
  89  15:37  Disruptor, Zealot x3, High Templar x2  
  89  15:38  Zealot  
  89  15:39  Probe (Chrono Boost)  
  103  15:45  Probe (Chrono Boost)  
  103  15:49  Probe (Chrono Boost)  
  107  15:50  Probe (Chrono Boost)  
  107  15:51  Probe (Chrono Boost)  
  107  16:00  Zealot x2  
  107  16:01  Zealot x3  
  117  16:14  Probe  
  117  16:15  Disruptor  
  121  16:21  High Templar  
  121  16:22  Zealot x5, High Templar  
  132  16:30  Archon  
  132  16:44  Stalker x2  
  132  16:56  Stalker x6  
  144  17:09  Nexus  
  144  17:19  Disruptor  
  147  17:32  Zealot x4  
  155  17:52  Colossus (Chrono Boost)  
  151  18:07  Probe  
  151  18:09  Zealot  
  151  18:10  Zealot x7  
  153  18:14  Protoss Ground Armor Level 3 (Chrono Boost)  
  153  18:17  Archon  
  150  18:27  Nexus  
  150  18:31  Zealot x2  
  150  18:32  Zealot x5  
  143  18:49  Colossus (Chrono Boost)  
  143  18:50  High Templar  
  143  18:55  Stalker x3  
  154  18:57  Stalker x2  
  158  19:12  High Templar x2  
  162  19:17  Pylon  
  162  19:21  Pylon  
  162  19:24  Zealot x3  
  168  19:32  Probe  
  168  19:35  Colossus (Chrono Boost)  
  168  19:38  High Templar x3  
  181  19:48  Probe (Chrono Boost)  
  184  19:54  Probe x2 (Chrono Boost)  
  184  19:57  Stalker x4  
  192  20:02  Probe (Chrono Boost)  
  193  20:07  Dark Shrine  
  193  20:08  Probe  
  193  20:09  Probe  
  193  20:14  Probe  
  196  20:24  Zealot  
  196  20:25  Zealot  
  191  20:47  Probe  
  186  20:50  Protoss Shields Level 1  
  186  20:53  Probe  
  186  20:54  Probe  
  188  21:01  Unknown  
  188  21:02  Robotics Facility  
  188  21:03  Robotics Facility  
  186  21:05  Zealot x4  
  186  21:06  Gateway  
  186  21:07  Gateway  
  186  21:08  Gateway  
  194  21:12  Archon x2, Gateway  
  192  21:27  Zealot x4  
  147  21:43  Probe  
  147  21:46  Probe x2  
  142  21:48  Probe  
  142  21:50  High Templar, Disruptor (Chrono Boost)  
  142  21:51  High Templar x3, Disruptor (Chrono Boost)  
  157  21:57  Nexus  
  157  21:58  Pylon  
  157  22:02  Assimilator  
  157  22:03  Zealot x3  
  157  22:06  Assimilator  
  163  22:15  Pylon  
  163  22:19  Disruptor x2  
  169  22:22  High Templar  
  169  22:23  High Templar x3  
  169  22:29  Archon x2  
  173  22:32  Stalker x3  
  173  22:35  Stalker  
  178  22:55  Disruptor x2  
  183  23:00  Zealot x5  
  149  23:20  Zealot x5  
  149  23:21  Archon  
  149  23:40  Probe  
  148  23:43  High Templar x3  
  148  23:45  Nexus  
  153  24:00  Zealot x2, High Templar x2  
  153  24:01  Zealot  
  163  24:07  Unknown  
  163  24:18  Dark Templar x2  
  159  24:51  Archon x3  
  112  24:57  Stalker x8  
  92  25:01  Probe  
  92  25:06  Disruptor x2 (Chrono Boost)  
  81  25:08  Probe  
  88  25:26  Nexus  
  88  25:30  Stalker x2  
  88  25:33  Disruptor (Chrono Boost)  
  95  25:39  Disruptor (Chrono Boost)  
  98  25:43  Zealot x3  
  104  25:56  Dark Templar x2  
  108  26:05  Stalker  
  110  26:18  Zealot x3  
  116  26:29  Disruptor  
  113  26:38  Zealot x8  
  127  26:42  Disruptor  
  125  27:02  Zealot x8  
  125  27:04  Disruptor  
  134  27:18  Disruptor  
  128  27:28  Zealot, High Templar x2  
  128  27:29  Zealot x5  
  96  27:40  Disruptor  
  99  27:49  Zealot x6  
  111  27:55  Archon  
  81  28:06  Zealot x2  
  81  28:11  Zealot x3  
  87  28:13  Zealot x2  
  87  28:15  Zealot  
Show
View Real Time Build Order
Export as new Build Order

MarineLorD Terran - Winner!

Build Orders: 1/1/1 

Get SALT Encoding   

  12  0:00  SCV  
  13  0:12  SCV  
  14  0:16  Supply Depot  
  14  0:24  SCV  
  15  0:30  Refinery  
  15  0:38  SCV  
  16  0:42  Barracks  
  16  0:50  SCV  
  17  1:02  SCV  
  18  1:09  Supply Depot  
  18  1:14  SCV  
  19  1:33  Orbital Command  
  19  1:34  Marine, Factory  
  20  1:52  Marine  
  21  1:58  SCV  
  22  2:07  Supply Depot  
  22  2:10  SCV, Marine  
  24  2:20  Hellion, Starport  
  24  2:22  SCV  
  27  2:28  Marine  
  28  2:34  SCV  
  29  2:41  Hellion  
  31  2:46  Command Center  
  31  2:56  Medivac  
  33  2:59  SCV  
  32  3:07  Hellion  
  32  3:11  SCV  
  33  3:18  Supply Depot  
  34  3:20  Barracks Reactor  
  34  3:21  Barracks  
  34  3:23  SCV  
  34  3:32  Hellion  
  34  3:35  SCV  
  34  3:39  Viking  
  37  3:46  Barracks  
  37  3:52  SCV  
  37  3:53  Hellion  
  38  3:57  Marine x2  
  38  4:02  Orbital Command  
  40  4:11  Viking  
  40  4:13  SCV  
  43  4:18  Marine x2  
  43  4:20  Barracks Tech Lab  
  43  4:23  Refinery  
  43  4:28  SCV  
  44  4:34  Orbital Command, Marine  
  44  4:36  Marine  
  46  4:38  Marine  
  46  4:43  SCV  
  48  4:47  Marine  
  48  4:52  Stimpack, Marine  
  50  5:00  SCV  
  50  5:02  Marine x2  
  50  5:05  Supply Depot, Marine  
  50  5:06  SCV  
  53  5:09  Marine  
  53  5:14  SCV, Supply Depot  
  54  5:18  SCV  
  54  5:19  Marine  
  57  5:21  Marine  
  57  5:26  SCV  
  57  5:28  Marine x2  
  57  5:30  SCV  
  57  5:35  Supply Depot  
  58  5:38  SCV  
  58  5:41  Engineering Bay  
  58  5:42  SCV  
  60  5:44  Refinery  
  60  5:45  Factory Tech Lab  
  60  5:46  Refinery, Marine x2  
  60  5:47  Marine x2  
  64  5:50  SCV  
  64  5:52  Factory Reactor  
  64  5:55  SCV  
  66  6:01  Starport Reactor  
  66  6:03  SCV, Supply Depot  
  67  6:05  Barracks Tech Lab  
  67  6:06  Marauder, Marine x2  
  67  6:08  SCV  
  72  6:13  Supply Depot  
  72  6:15  SCV  
  71  6:23  Combat Shield  
  71  6:24  Terran Infantry Weapons Level 1, Bunker, Marauder  
  73  6:27  Marauder  
  73  6:28  SCV x2  
  73  6:31  Concussive Shells  
  74  6:44  Marine x2  
  74  6:45  Medivac, Marauder  
  82  6:48  Medivac  
  82  6:49  Marauder  
  82  6:52  Widow Mine x2  
  88  6:57  Supply Depot  
  88  7:04  Supply Depot  
  88  7:07  Command Center  
  90  7:08  Marauder, Marine  
  90  7:10  Marine  
  90  7:13  Marauder  
  94  7:23  Supply Depot  
  94  7:25  Medivac x2  
  100  7:30  Marauder, Marine x2  
  100  7:34  SCV x2  
  100  7:36  Marauder, Widow Mine x2  
  110  7:48  Supply Depot  
  110  7:51  Marauder, Marine x2  
  109  7:54  SCV x2  
  113  8:06  SCV x2  
  113  8:07  Medivac x2  
  113  8:11  Marauder  
  118  8:14  Marine x2  
  118  8:15  Marauder  
  102  8:27  Orbital Command  
  102  8:30  SCV x2  
  102  8:31  Barracks  
  102  8:33  Marauder, Barracks  
  106  8:34  Factory Tech Lab  
  106  8:40  Supply Depot  
  106  8:42  Marauder, Marine x2  
  106  8:48  SCV  
  111  8:49  Orbital Command  
  111  8:50  SCV  
  111  8:54  Marauder  
  114  8:56  Siege Tank  
  114  8:57  Medivac x2  
  114  9:00  SCV  
  114  9:02  SCV  
  123  9:09  Marauder, Marine x2  
  127  9:12  SCV  
  127  9:15  Supply Depot  
  127  9:16  Supply Depot  
  128  9:21  Marine x2  
  128  9:22  Marauder  
  125  9:27  Medivac x2  
  125  9:29  Siege Tank  
  125  9:30  Barracks Tech Lab  
  131  9:33  SCV x2  
  131  9:34  Refinery  
  131  9:35  Refinery  
  131  9:37  Bunker  
  133  9:41  Terran Infantry Armor Level 1  
  133  9:43  Marine  
  134  9:50  Supply Depot  
  134  9:55  SCV x2  
  134  9:58  SCV  
  134  9:59  Marauder x3, Marine x2  
  143  10:06  Armory  
  140  10:07  Engineering Bay  
  140  10:08  Ghost Academy  
  140  10:13  Marine x2  
  140  10:19  SCV x2  
  140  10:20  Marauder x2  
  145  10:27  Marauder  
  143  10:29  Marine x2  
  143  10:30  Marine  
  138  10:37  Marine  
  138  10:40  SCV x2  
  138  10:41  SCV  
  138  10:42  Marauder x2  
  141  10:43  Siege Tank  
  141  10:47  Marine  
  144  10:56  Marauder, Marine x2  
  149  11:00  Liberator  
  149  11:03  Marauder  
  151  11:11  Command Center  
  151  11:15  Siege Tank  
  151  11:16  Marine x3  
  157  11:21  Marine x2  
  159  11:26  Marauder x2  
  162  11:34  Marine  
  162  11:39  Marine x2  
  167  11:47  Marine, Siege Tank  
  167  11:48  Enhanced Shockwaves, Terran Vehicle Weapons Level 1, Terran Infantry Armor Level 2, Terran Infantry Weapons Level 2  
  167  11:49  Ghost x2  
  167  11:54  Liberator  
  176  11:56  Liberator  
  179  12:03  Supply Depot  
  179  12:04  Supply Depot  
  179  12:21  Siege Tank  
  176  12:27  Marine  
  144  12:31  Marine  
  144  12:32  Marauder, Marine  
  144  12:34  Marauder, Marine x2  
  141  12:38  SCV x2  
  141  12:43  SCV  
  142  12:50  SCV x2  
  133  12:57  Marauder x2, Siege Tank  
  133  12:58  SCV x2  
  129  13:02  Marauder, Marine x4  
  129  13:05  SCV  
  134  13:10  SCV  
  132  13:15  SCV  
  132  13:17  SCV  
  132  13:18  Marauder x2  
  137  13:20  Marine x2  
  137  13:22  SCV  
  137  13:26  Sensor Tower  
  139  13:27  SCV  
  139  13:29  SCV  
  139  13:31  Siege Tank  
  144  13:36  Bunker  
  144  13:38  Planetary Fortress  
  144  13:39  Marauder x2, Marine x3  
  151  13:54  Marauder, Marine  
  152  13:57  Marine  
  152  13:58  Sensor Tower  
  152  13:59  SCV  
  147  14:03  Siege Tank  
  127  14:11  Marine  
  127  14:12  Marauder, Marine x3  
  127  14:16  Marauder  
  107  14:22  SCV  
  107  14:23  SCV  
  101  14:26  SCV  
  101  14:29  Marine  
  101  14:30  Marauder  
  101  14:36  Marauder, Marine  
  99  14:43  Marine x2  
  101  14:47  SCV x2, Marine  
  101  14:48  SCV  
  101  14:51  Marine  
  106  14:54  Missile Turret  
  106  14:55  Medivac x2  
  106  14:56  SCV  
  106  14:59  SCV  
  112  15:00  Marine x2  
  112  15:01  Marine  
  112  15:03  Marine  
  112  15:04  SCV  
  112  15:05  Marine  
  113  15:19  Marine x3  
  113  15:21  Marauder x2  
  117  15:23  Marine  
  117  15:24  Factory Tech Lab  
  117  15:25  SCV x3  
  121  15:29  Terran Infantry Weapons Level 3  
  121  15:31  Medivac  
  121  15:32  Medivac  
  121  15:35  Missile Turret  
  125  15:37  Marine  
  125  15:40  Terran Vehicle Weapons Level 2  
  126  15:45  Refinery x2, Marine  
  126  15:46  Marine x4  
  131  15:50  Siege Tank  
  131  15:52  SCV x3  
  137  16:11  Marine x3  
  144  16:21  Ghost x2  
  144  16:22  Siege Tank  
  141  16:30  Command Center, Marine x4  
  141  16:32  Supply Depot  
  144  16:48  Marine x3  
  144  16:49  Marauder  
  149  16:57  Marauder x2  
  149  17:00  Liberator x2  
  145  17:06  Marine x3  
  148  17:09  SCV  
  148  17:10  SCV  
  148  17:13  Sensor Tower  
  150  17:18  Terran Infantry Armor Level 3  
  150  17:21  Marine  
  150  17:22  Marine x2  
  153  17:29  Siege Tank  
  150  17:33  Marine x3  
  153  17:40  Marauder x2  
  157  17:47  Marauder  
  157  17:51  Marine  
  160  17:59  Marine x2  
  160  18:01  Marauder, Marine  
  161  18:08  Marine  
  162  18:15  Marine  
  162  18:16  Marine x2  
  162  18:19  Marauder, Siege Tank  
  165  18:20  Medivac x2  
  165  18:22  Marine  
  170  18:28  Command Center  
  170  18:36  SCV  
  158  18:48  Marauder x2, Marine x4  
  152  18:49  Planetary Fortress  
  152  18:52  Siege Tank  
  159  18:59  SCV  
  159  19:00  SCV x3  
  163  19:03  Missile Turret  
  163  19:04  Unknown  
  163  19:06  Marine  
  164  19:10  Liberator  
  164  19:21  Ghost x2  
  168  19:24  SCV  
  168  19:25  SCV  
  168  19:27  Sensor Tower  
  170  19:35  Liberator  
  173  19:38  Siege Tank  
  173  19:43  Orbital Command  
  176  19:48  Missile Turret  
  176  20:01  Missile Turret  
  176  20:02  Marauder x3  
  182  20:10  Siege Tank  
  185  20:16  Marine x3  
  188  20:23  Marauder x2, Marine  
  193  20:33  Marine x2  
  193  20:34  Marine  
  188  20:41  Marauder  
  184  20:44  Marine x2  
  178  20:51  Marine x3  
  178  20:53  Barracks  
  178  20:54  Barracks  
  181  21:01  Barracks  
  181  21:02  Marauder x2, Marine  
  186  21:09  Marine x3  
  189  21:20  Marauder  
  189  21:23  Ghost x2  
  195  21:27  Marine x3  
  170  21:41  Ghost  
  170  21:45  Marine x3  
  162  21:47  Liberator, Siege Tank  
  162  21:48  Liberator  
  162  21:52  Marauder x2  
  162  21:53  Command Center  
  175  21:54  Terran Vehicle And Ship Armor Level 1  
  175  22:02  Marine x2  
  175  22:03  Marine  
  178  22:10  Marauder, Barracks Tech Lab x3  
  178  22:14  Marauder x2  
  184  22:15  Command Center  
  184  22:19  Factory  
  184  22:20  Marine x2  
  184  22:21  Marine  
  187  22:32  Marauder  
  187  22:35  Marauder x2  
  193  22:40  Siege Tank  
  196  22:46  Factory  
  188  23:05  Marauder, Marine  
  189  23:07  Marine x3  
  189  23:08  Marauder  
  189  23:15  Marauder, Marine, Siege Tank  
  189  23:16  Factory Tech Lab  
  189  23:17  Medivac x2  
  184  23:26  Marauder, Marine x2  
  179  23:28  Marine x3  
  179  23:29  Marauder  
  179  23:32  Marine  
  182  23:36  Siege Tank  
  178  23:43  Missile Turret, Factory Tech Lab  
  178  23:47  Siege Tank, Liberator x2  
  187  23:57  Command Center  
  187  24:06  Siege Tank  
  187  24:08  Siege Tank  
  193  24:10  Terran Vehicle Weapons Level 3, Neosteel Armor  
  193  24:11  Personal Cloaking  
  193  24:20  Siege Tank  
  195  24:28  Planetary Fortress  
  193  24:33  Sensor Tower  
  193  24:37  Orbital Command  
  192  24:38  Siege Tank  
  189  24:49  Marauder x2  
  189  24:52  Marine x2  
  131  24:53  Marauder, Marine x2  
  131  24:54  Marauder  
  131  24:56  Marauder  
  115  25:09  Planetary Fortress  
  115  25:10  Marine x3  
  115  25:11  Missile Turret, Marauder, Marine  
  115  25:12  Marauder  
  115  25:13  Marine  
  124  25:21  Siege Tank  
  124  25:22  Marauder  
  124  25:24  Marauder  
  124  25:28  Marine x2  
  131  25:29  Marauder, Marine  
  131  25:31  Marine  
  131  25:32  Marauder  
  131  25:34  Marauder  
  139  25:43  Marine  
  139  25:44  Marine  
  139  25:45  Marine  
  139  25:46  Marine  
  139  25:47  Marine  
  149  25:50  Marauder x2, Siege Tank x2  
  149  25:54  Marauder  
  149  25:55  Marine  
  157  26:01  Marine  
  157  26:02  Marine  
  157  26:03  Marine x2  
  161  26:05  Liberator  
  161  26:07  Liberator  
  161  26:09  Marine  
  161  26:10  Ghost  
  161  26:11  Ghost  
  170  26:12  Ghost  
  170  26:14  Ghost  
  176  26:18  Ghost  
  176  26:21  Marauder  
  176  26:22  Marine x2  
  177  26:27  Marine, Sensor Tower  
  177  26:30  Siege Tank  
  181  26:39  Marauder  
  182  26:40  Marauder, Marine x2  
  182  26:41  Marauder, Marine  
  182  26:43  Marine  
  182  26:45  Marine  
  183  26:48  Marauder  
  183  26:54  Siege Tank x2  
  183  26:58  Marine x2  
  183  27:00  Marauder  
  183  27:01  Marauder x2, Marine  
  197  27:02  Marine x2  
  197  27:08  Missile Turret  
  197  27:09  Marauder  
  195  27:16  Marine x2  
  195  27:19  Marine  
  195  27:20  Marine x2  
  195  27:21  Marine  
  195  27:22  Marine  
  200  27:28  Marauder  
  189  27:30  Marauder  
  189  27:32  Siege Tank x2  
  189  27:33  Marine  
  189  27:34  Marine  
  194  27:37  Marauder  
  194  27:38  Marine x3  
  194  27:40  Marauder  
  199  27:48  Marine  
  200  27:52  Command Center  
  200  27:58  Marauder  
  200  28:02  Marauder  
  173  28:07  Marine x3  

Tags
 
Add a new tag
Caveats
  • Supply blocks, unpowered buildings, or Contaminate may cause inaccurate times.
  • Supply counts are checked every 10 seconds.